 Dungeon Crawl Stone Soup version 0.18.1-6-gd335043 (webtiles) character file.

6773 seren the Thaumaturge (level 10, -2/58 HPs)
             Began as a Deep Elf Wizard on May 18, 2016.
             Was a Believer of Sif Muna.
             Slain by a catoblepas (13 damage)
             ... on level 9 of the Dungeon on May 19, 2016.
             The game lasted 02:20:45 (19157 turns).

seren the Thaumaturge (Deep Elf Wizard)            Turns: 19157, Time: 02:20:45

Health: -2/58      AC:  7    Str:  4    XL:     10   Next: 76%
Magic:  36/42      EV:  2    Int: 26    God:    Sif Muna [**....]
Gold:   412        SH:  0    Dex: 14    Spells: 7 memorised, 13 levels left

rFire  + . .     SeeInvis .     W - staff of power
rCold  . . .     Gourm    .     k - +2 robe {rN+}
rNeg   + + +     Faith    .     (no shield)
rPois  ∞         Spirit   .     B - +0 helmet
rElec  .         Dismiss  .     j - +1 cloak
rCorr  .         Reflect  .     (no gloves)
SustAt .         Harm     .     (no boots)
MR     +....                    (no amulet)
Stlth  ++........               p - ring of protection from fire
                                o - +2 ring of evasion

@: petrified, repel missiles, somewhat resistant to hostile enchantments,
unstealthy
A: no striking features
a: Channel Energy, Renounce Religion


You were on level 9 of the Dungeon.
You worshipped Sif Muna.
Sif Muna was pleased with you.
You were not hungry.

You visited 2 branches of the dungeon, and saw 11 of its levels.

You collected 412 gold pieces.

Inventory:

Hand Weapons
 e - a +0 short sword
 i - a +3 dagger
 V - a +1 dagger of electrocution
Missiles
 f - 332 stones (quivered)
Armour
 b - a +0 hat
 j - a +1 cloak (worn)
 k - a +2 robe of positive energy (worn)
 B - a +0 helmet (worn)
 X - a troll hide
Magical Staves
 W - an uncursed staff of power (weapon)
Jewellery
 g - an uncursed ring of positive energy
 o - a +2 ring of evasion (left hand)
 p - a ring of protection from fire (right hand)
 v - an uncursed ring of sustain attributes
 H - the amulet of Orchank {Harm *Drain Stlth+}
   (You found it on level 7 of the Dungeon)

   [amulet of harm]

   It increases damage dealt and taken.
   It makes you more stealthy.
Wands
 a - a wand of iceblast (10/15)
 h - a wand of flame (18/48)
 m - a wand of enslavement (15/24)
 y - a wand of paralysis (4/24)
 I - a wand of iceblast (4/15)
 J - a wand of acid (9/15)
 O - a wand of iceblast (6/15)
Scrolls
 l - a scroll of noise {unknown}
 n - a scroll of amnesia
 u - a scroll of immolation
 C - a scroll of blinking {unknown}
 E - a scroll of fog {unknown}
 K - a scroll of random uselessness {unknown}
 M - a scroll of enchant armour {unknown}
 R - a scroll of fear {unknown}
 T - a scroll of recharging {unknown}
Potions
 q - 2 potions of curing
 s - a potion of flight {unknown}
 t - 3 potions of might
 D - a potion of haste {unknown}
 G - a potion of heal wounds {unknown}
 N - a potion of resistance {unknown}
 Q - a potion of ambrosia {unknown}
 S - a potion of lignification {unknown}
Books
 c - a book of Minor Magic

   Spells                             Type                      Level
   a - Magic Dart                     Conjuration                  1
   b - Blink                          Translocation                2
   c - Call Imp                       Summoning                    2
   d - Repel Missiles                 Charms/Air                   2
   e - Slow                           Hexes                        2
   f - Conjure Flame                  Conjuration/Fire             3
   g - Mephitic Cloud                 Conjuration/Poison/Air       3
 F - a book of the Earth

   Spells                             Type                      Level
   a - Leda's Liquefaction            Hexes/Earth                  4
   b - Bolt of Magma                  Conjuration/Fire/Earth       5
   c - Statue Form                    Transmutation/Earth          6
   d - Iron Shot                      Conjuration/Earth            6
   e - Shatter                        Earth                        9
 L - a book of Dreams

   Spells                             Type                      Level
   a - Ensorcelled Hibernation        Hexes/Ice                    2
   b - Silence                        Hexes/Air                    5
   c - Darkness                       Hexes                        6
   d - Shadow Creatures               Summoning                    6
Comestibles
 d - 4 bread rations
 r - a chunk of flesh
 z - a royal jelly
 A - 4 meat rations
 P - 23 fruits


   Skills:
 + Level 4.7 Fighting
 + Level 2.0 Staves
 + Level 7.9 Dodging
 - Level 2.4 Stealth
 + Level 11.4 Spellcasting
 + Level 8.0 Conjurations
 - Level 2.2 Charms
 - Level 2.4 Summonings
 - Level 1.9 Translocations
 + Level 5.5 Fire Magic
 + Level 5.9 Earth Magic
 - Level 1.3 Invocations


You had 13 spell levels left.
You knew the following spells:

 Your Spells              Type           Power        Failure   Level  Hunger
a - Magic Dart            Conj           ####         1%          1    None
b - Blink                 Tloc           N/A          2%          2    None
c - Mephitic Cloud        Conj/Pois/Air  ####....     4%          3    None
d - Bolt of Magma         Conj/Fire/Erth #####.....   10%         5    ###....
f - Conjure Flame         Conj/Fire      ######..     1%          3    None
i - Call Imp              Summ           ####....     2%          2    None
r - Repel Missiles        Chrm/Air       ###...       4%          2    None


Dungeon Overview and Level Annotations

Branches:
Dungeon (10/15)            Temple (1/1) D:6
   Lair: D:8-11         Orc: D:9-12

Altars:
Ashenzari
Cheibriados
Dithmenos
Elyvilon
Fedhas
Gozag
Kikubaaqudgha
Makhleb
Nemelex Xobeh
Okawaru
Pakellas
Qazlal
Ru
Sif Muna
Trog
Vehumet
Xom
Yredelemnul
Zin
The Shining One

Shops:
D:7 }*

Annotations:
D:3 exclusion: downstairs
D:6 exclusion: downstairs
D:7 exclusion: downstairs
D:8 exclusion: downstairs
D:9 catoblepas, exclusion: downstairs, Moloch's ghost, novice HOFi


Message History

The catoblepas gores you but does no damage.
Your magical contamination has completely faded away.
You turn to flesh and can move again.
You see here a club.
Casting: Conjure Flame
Confirm with . or Enter, or press ? or * to list all spells.
You blink.
The catoblepas breathes a plume of calcifying dust at you.
The blast of calcifying dust hits you!
* * * LOW HITPOINT WARNING * * *
You are engulfed in calcifying dust.
You are slowing down.
Your limbs are stiffening.
You see here a club.
Drink which item? (? for menu, Esc to quit)
You feel better.
You have turned to stone.
The catoblepas gores you!
* * * LOW HITPOINT WARNING * * *
The catoblepas gores you!!
You die...

#).#######.#####..
#..##.........###.
#).#..............
#.................
#..#########......
#..## #......
#...# #......
#.#.# #...... ###
#@#.# ######. #<#
#Y#.# ## #.#
#.#.## #.# #.#..#
#.#
#.##.#############
#.#
#.##.>............
#.#
#.###.##.#########
#.# #.#
#.##.......... #.#
#§###.##.#########


You could see a catoblepas.

Vanquished Creatures
  Josephine (D:9)
  A troll (D:9)
  Prince Ribbit (D:7)
  4 wraiths
  A hippogriff (D:9)
  A water moccasin (D:7)
  2 orc warriors
  An ice beast (D:7)
  6 ogres
  A black bear (D:8)
  2 phantoms
  8 centaurs
  A crocodile (D:8)
  A big kobold (D:8)
  5 giant frogs
  A wyvern skeleton (D:9)
  5 scorpions
  3 wights (D:9)
  5 killer bees (D:7)
  3 howler monkeys (D:8)
  A centaur zombie (D:9)
  3 crimson imps
  2 jellies (D:7)
  2 orc priests
  2 giant frog skeletons (D:5)
  3 hounds
  13 orc wizards
  An iguana (D:8)
  9 worker ants
  A hound zombie (D:9)
  3 hound skeletons
  11 adders
  3 gnolls
  A shadow imp (D:6)
  An adder skeleton (D:6)
  A worm (D:3)
  5 giant geckos
  24 orcs
  6 giant cockroaches
  10 goblins
  8 hobgoblins
  13 jackals
  15 kobolds
  3 quokkas
  2 ball pythons
  7 bats
  A giant cockroach zombie (D:5)
  6 giant newts
  A jackal zombie (D:8)
  A quokka zombie (D:9)
  5 rats
217 creatures vanquished.

Vanquished Creatures (collateral kills)
  A hippogriff (D:8)
  Menkaure (D:5)
  Edmund (D:6)
  3 sky beasts
  An ogre (D:5)
  A necrophage (D:8)
  A centaur (D:5)
  A giant frog (D:8)
  3 scorpions
  2 orc wizards (D:4)
  A worker ant (D:5)
  A worker ant zombie (D:5)
  A gnoll (D:4)
  4 orcs
  2 jackals (D:8)
  A jackal zombie (D:6)
25 creatures vanquished.

Vanquished Creatures (others)
  An orc wizard (D:9)
1 creature vanquished.

Grand Total: 243 creatures vanquished

Notes
Turn   | Place    | Note
--------------------------------------------------------------
     0 | D:1      | seren the Deep Elf Wizard began the quest for the Orb.
     0 | D:1      | Reached XP level 1. HP: 10/10 MP: 7/7
   385 | D:1      | Reached XP level 2. HP: 15/15 MP: 7/9
   392 | D:1      | Learned a level 2 spell: Blink
   397 | D:1      | Learned a level 2 spell: Repel Missiles
   596 | D:1      | Reached skill level 5 in Spellcasting
   997 | D:1      | Reached XP level 3. HP: 19/19 MP: 6/11
  1742 | D:2      | Learned a level 3 spell: Conjure Flame
  2088 | D:2      | Reached XP level 4. HP: 24/24 MP: 8/13
  2905 | D:3      | Found an iron altar of Okawaru.
  3179 | D:3      | Reached skill level 6 in Spellcasting
  3488 | D:3      | Found a basalt altar of Yredelemnul.
  3729 | D:4      | Noticed an ogre
  3810 | D:4      | Learned a level 2 spell: Call Imp
  3898 | D:4      | Found a sacrificial altar of Ru.
  3900 | D:4      | Found a burning altar of Makhleb.
  3909 | D:4      | Reached XP level 5. HP: 28/28 MP: 10/15
  3967 | D:4      | Reached skill level 1 in Fire Magic
  4282 | D:4      | Noticed a phantom
  4544 | D:4      | Found a glowing silver altar of Zin.
  4844 | D:4      | Reached XP level 6. HP: 30/32 MP: 9/17
  5323 | D:5      | Entered Level 5 of the Dungeon
  5332 | D:5      | Reached skill level 7 in Spellcasting
  5404 | D:5      | Noticed a sky beast
  5595 | D:5      | Noticed a sky beast
  5647 | D:5      | Found a glowing golden altar of the Shining One.
  5986 | D:5      | Reached XP level 7. HP: 36/36 MP: 12/19
  6043 | D:5      | Found a blossoming altar of Fedhas.
  6240 | D:5      | Reached skill level 1 in Charms
  6857 | D:5      | Learned a level 3 spell: Mephitic Cloud
  6881 | D:4      | You fall through a shaft for 2 floors!
  7439 | D:5      | Reached skill level 5 in Conjurations
  7638 | D:6      | Found a staircase to the Ecumenical Temple.
  7647 | D:6      | Reached skill level 1 in Fighting
  7647 | D:6      | Reached XP level 8. HP: 43/43 MP: 12/21
  7948 | D:5      | Reached skill level 8 in Spellcasting
  8191 | D:6      | Learned a level 5 spell: Bolt of Magma
  8358 | D:5      | Noticed Menkaure
  8393 | D:5      | Killed Menkaure
  8804 | D:5      | Reached skill level 1 in Earth Magic
  8976 | D:6      | Reached skill level 5 in Dodging
  9088 | Temple   | Entered the Ecumenical Temple
  9094 | Temple   | Became a worshipper of Sif Muna the Loreminder
  9227 | D:6      | Found an opulent altar of Gozag.
  9447 | D:6      | Reached skill level 9 in Spellcasting
  9490 | D:6      | Found a shadowy altar of Dithmenos.
  9626 | D:6      | Noticed Edmund
  9909 | D:6      | Killed Edmund
 11154 | D:7      | Reached XP level 9. HP: 44/49 MP: 19/24
 11643 | D:7      | Found a radiant altar of Vehumet.
 11662 | D:7      | Got a scintillating garnet amulet
 11664 | D:7      | Identified the amulet of Orchank {Harm *Drain Stlth+} (You found it on level 7 of the Dungeon)
 11696 | D:7      | Found Orghebrast's Assorted Antiques.
 11719 | D:7      | Reached skill level 10 in Spellcasting
 11826 | D:7      | Found an oddly glowing altar of Pakellas.
 11826 | D:7      | Found Pakellas's Prime Provisions.
 12104 | D:8      | Found a stormy altar of Qazlal.
 12683 | D:8      | Reached * piety under Sif Muna
 12716 | D:8      | Noticed Prince Ribbit
 12948 | D:7      | Killed Prince Ribbit
 15070 | D:9      | Reached skill level 1 in Invocations
 15070 | D:9      | Reached XP level 10. HP: 56/56 MP: 14/26
 15376 | D:9      | Noticed Moloch's ghost (novice HOFi)
 15616 | D:10     | Entered Level 10 of the Dungeon
 15961 | D:9      | Reached skill level 5 in Earth Magic
 16113 | D:9      | Reached ** piety under Sif Muna
 16810 | D:9      | Reached skill level 11 in Spellcasting
 16840 | D:9      | Noticed a catoblepas
 16990 | D:8      | Learned a level 2 spell: Repel Missiles
 17521 | D:10     | Noticed Josephine
 17532 | D:9      | Reached skill level 1 in Staves
 17532 | D:9      | Reached skill level 5 in Fire Magic
 18302 | D:9      | Killed Josephine
 19157 | D:9      | Slain by a catoblepas

Skill      XL: |  1  2  3  4  5  6  7  8  9 10 |
---------------+-------------------------------+-----
Conjurations   | 2 3 4 5 6 7 8 |  8.0
Spellcasting   | 5 6 7 9 10 11 | 11.4
Fire Magic     | 2 3 4 5 |  5.5
Summonings     | 2 |  2.4
Dodging        | 3 4 5 7 |  7.9
Charms         | 2 |  2.2
Fighting       | 1 2 4 |  4.7
Earth Magic    | 2 4 5 |  5.9
Invocations    | 1 |  1.3
Staves         | 2 |  2.0
Stealth        | |  2.4
Translocations | |  1.9

Action                   |  1- 3 |  4- 6 |  7- 9 | 10-12 || total
-------------------------+-------+-------+-------+-------++-------
Melee: Unarmed           |     4 |       |       |       ||     4
       Short sword       |     3 |       |       |       ||     3
       Dagger            |    33 |     6 |    22 |    34 ||    95
       Staff             |       |       |       |    12 ||    12
Throw: Stone             |       |       |       |     1 ||     1
 Cast: Magic Dart        |   102 |   119 |   355 |   157 ||   733
       Call Imp          |       |    25 |   100 |     3 ||   128
       Repel Missiles    |       |     1 |     3 |     2 ||     6
       Blink             |       |       |    18 |     5 ||    23
       Conjure Flame     |       |       |    32 |    25 ||    57
       Mephitic Cloud    |       |       |    37 |    18 ||    55
       Bolt of Magma     |       |       |       |    21 ||    21
  Use: Scroll            |       |     6 |    11 |     2 ||    19
       Potion            |       |       |     3 |     5 ||     8
 Stab: Confused          |       |       |     1 |     1 ||     2
  Eat: Chunk             |     3 |    12 |    16 |     8 ||    39
       Fruit             |       |       |     2 |     2 ||     4
       Bread ration      |       |       |     2 |     1 ||     3
       Pizza             |       |       |     1 |       ||     1
Armor: Robe              |    25 |     3 |    34 |    20 ||    82
Dodge: Dodged            |    78 |    26 |   141 |    84 ||   329
       Deflected         |       |       |    16 |     3 ||    19
